 Dungeon Crawl Stone Soup version 0.21-a0-227-g58a7c62 (webtiles) character file.

21 qqqbard the Slasher (level 2, -1/15 HPs)
             Began as a Vine Stalker Gladiator on Aug 30, 2017.
             Slain by a hobgoblin (4 damage)
             ... led by Robin
             ... on level 2 of the Dungeon.
             The game lasted 00:01:03 (893 turns).

qqqbard the Slasher (Vine Stalker Gladiator)         Turns: 893, Time: 00:01:05

Health: -1/15      AC:  4    Str: 16    XL:     2   Next: 83%
Magic:  0/3        EV: 13    Int:  8    God:
Gold:   59         SH:  0    Dex: 15    Spells: 1/1 levels left

rFire    . . .     SeeInvis +   a - +0 long sword
rCold    . . .     Gourm    .   (no shield)
rNeg     . . .     Faith    .   b - +0 leather armour
rPois    .         Spirit   +   c - +0 helmet
rElec    .         Reflect  .   (no cloak)
rCorr    .         Harm     .   (no gloves)
MR       .....                  (no boots)
Stlth    +.........             (no amulet)
HPRegen  0.05/turn              l - ring of see invisible
MPRegen  0.08/turn              (no ring)

@: no status effects
A: fangs 2, magic shield, antimagic bite, no potion heal 3, rot immunity
a: no special abilities


You were on level 2 of the Dungeon.
You were not hungry.

You visited 1 branch of the dungeon, and saw 2 of its levels.

You collected 59 gold pieces.

Inventory:

Hand Weapons
 a - a +0 long sword (weapon)
Missiles
 d - 3 throwing nets (quivered)
Armour
 b - a +0 leather armour (worn)
 c - a +0 helmet (worn)
Jewellery
 l - a ring of see invisible (left hand)
Scrolls
 i - 2 scrolls of identify {unknown}
 j - 2 scrolls of blinking {unknown}
 k - 3 scrolls of remove curse {unknown}
Potions
 e - 2 potions of heal wounds {unknown}
 h - a potion of invisibility {unknown}
Comestibles
 f - 3 bread rations
 g - 12 chunks of flesh


   Skills:
 * Level 2.0 Fighting
 * Level 3.1 Long Blades
 - Level 1.7 Throwing
 + Level 0.5 Armour
 + Level 2.6 Dodging


You had one spell level left.
You didn't know any spells.

Dungeon Overview and Level Annotations

Branches:
Dungeon (2/15)

Altars:
Elyvilon

Annotations:
D:2 Robin


Innate Abilities, Weirdness & Mutations

You have extremely sharp teeth.
When hurt, damage is shared between your health and your magic reserves.
Your bite disrupts and absorbs the magic of your enemies.
Potions cannot restore your health.
You are immune to rotting.


Message History

The hobgoblin hits you. The goblin hits you but does no damage.
Robin roars a battlecry!
The goblins go into a battle-frenzy!
A goblin comes into view. It is wielding a dagger.
The goblin shouts!
Robin throws the goblin at you!
You closely miss the goblin. The goblin completely misses you.
You riposte.
You closely miss the goblin. You bite the goblin. You drain its power.
You feel invigorated.
The goblin is heavily wounded.
The hobgoblin barely misses you. Robin throws the goblin at you!
The goblin hits you but does no damage.
You slash the goblin!
You kill the goblin!
The goblin hits you with a dagger. The hobgoblin barely misses you.
You riposte.
You closely miss the hobgoblin. Your bite misses the hobgoblin.
The goblin hits you.
* * * LOW HITPOINT WARNING * * *
The hobgoblin hits you.
You die...

####.##.#.##.......#
.# #.##...####.....#
.. #......# #####.#
#. ##.....########.#
#. #..#####.......#
#. #..# #.#####.# #.
#..# #.###. #g)#
#..... #g@# #####.
#gg# #( #gg# #. #gg#
#( #..# #.
#..g.gg.g. #)
....g..g..# ........
####.#######
######## ..#


You could see Robin, 3 hobgoblins and 6 goblins.

Vanquished Creatures
  3 giant cockroaches
  2 goblins (D:2)
  5 hobgoblins
  2 ball pythons
  A bat (D:1)
  A frilled lizard (D:2)
  3 kobolds
  2 rats
19 creatures vanquished.

Notes
Turn   | Place    | Note
-------+----------+-------------------------------------------
     0 | D:1      | qqqbard the Vine Stalker Gladiator began the quest for the Orb.
     0 | D:1      | Reached XP level 1. HP: 11/11 MP: 2/2
   527 | D:1      | Reached XP level 2. HP: 15/15 MP: 3/3
   683 | D:2      | Reached skill level 3 in Long Blades
   774 | D:2      | Found a white marble altar of Elyvilon.
   884 | D:2      | Noticed Robin
   893 | D:2      | Slain by a hobgoblin

Vault maps used:
D:1:      minmay_arrival_plants_in_alcoves
D:2:      minmay_roachtagon, nicolae_overflow_hidden_temple, elyvilon_altar_4,
          uniq_jessica, uniq_robin

Skill      XL: |  1  2 |
---------------+-------+-----
Long Blades    | 3 |  3.1
Fighting       | 2 |  2.0
Throwing       | |  1.7
Armour         | |  0.5
Dodging        | |  2.6

Action                   || total
-------------------------++-------
Melee: Long sword        ||    40
       Bite              ||     7
 Stab: Sleeping          ||     1
Armor: Leather armour    ||    13
Dodge: Dodged            ||    35
       Rpst.: Long sword ||    11

Table legend:
 A = Spawn XP
 B = Non-spawn XP
 C = Spawn XP percentage of total XP
 D = Spawn monster count
 E = Non-spawn monster count
 F = Spawn count percentage of total count
 G = Total turns spent on level
                    A         B        C        D         E        F      G
               +---------+---------+-------+---------+---------+-------+---------
         Total |       1 |      29 |   3.3 |       1 |      18 |   5.3 |   893
               +---------+---------+-------+---------+---------+-------+---------
           D:1 |       1 |      12 |   7.7 |       1 |       8 |  11.1 |   681
           D:2 |       0 |      17 |   0.0 |       0 |      10 |   0.0 |   212
               +---------+---------+-------+---------+---------+-------+---------
